 Dungeon Crawl Stone Soup version 0.31-a0-620-gd1cbd99268 (webtiles) character file.

Game seed: 3413007851013560130

787 Dirtsage the Changeling (level 7, 0/43 HPs)
             Began as an Octopode Shapeshifter on Aug 23, 2023.
             Succumbed to a gnoll sergeant's poison
             ... on level 5 of the Dungeon.
             The game lasted 00:07:40 (3624 turns).

Dirtsage the Changeling (Octopode Shapeshifter)     Turns: 3624, Time: 00:07:41

Health: 0/43       AC:  1    Str: 15 (16) XL:     7   Next: 87%
Magic:  7/7        EV: 13    Int:  9 (10) God:
Gold:   239        SH:  0    Dex: 12 (13) Spells: 3/6 levels left

rFire   . .          .
                       - Unarmed
rCold   . . .        (no shield)
rNeg    . . .        (helmet currently unavailable)
rPois   .            (no amulet)
rElec   .            (no ring)
rCorr   .            (no ring)
SInv    .            (no ring)
Will    +....        (no ring)
Stlth   ++           (no ring)
HPRegen 0.27/turn    (no ring)
MPRegen 0.10/turn    (no ring)
                     (no ring)

%: no passive effects
@: lethally poisoned (0 -> -3), beast-form, attractive, enlightened, flying,
hasted, very quick
A: beast (slay +3), almost no armour, amphibious, 8 rings, camouflage 1,
gelatinous body 1, (nimble swimmer 1), tentacles
a: Begin Untransformation


You were on level 5 of the Dungeon.
You were a hulking beast.
You visited 1 branch of the dungeon, and saw 5 of its levels.

You collected 239 gold pieces.

Inventory:

Missiles
 g - 6 silver javelins
Talismans
 b - a beast talisman (active)
 c - a flux talisman
Scrolls
 e - 3 scrolls of fog
 n - a scroll of torment
 o - a scroll of revelation
 r - a scroll of vulnerability
Potions
 f - a potion of mutation {unknown}
 k - a potion of enlightenment


   Skills:
 - Level 1.0 Fighting
 - Level 2.0 Dodging
 + Level 5.3 Unarmed Combat
 + Level 3.3 Ice Magic
 * Level 6.4 Shapeshifting


You had 3 spell levels left.
You knew the following spells:

 Your Spells              Type           Power      Damage    Failure   Level
A - Ozocubu's Armour      Ice            5%         N/A       32%         3

Your spell library contained the following spells:

 Spells                   Type           Power      Damage    Failure   Level
 Kiss of Death            Conj/Necr      0%         2d5       38%         1
 Magic Dart               Conj           0%         1d3       38%         1
 Sandblast                Erth           0%         2d4       38%         1
 Passwall                 Tmut/Erth      0%         N/A       52%         2
 Searing Ray              Conj           0%         2d4       52%         2
 Confusing Touch          Hex            0%         N/A       77%         3
 Stone Arrow              Conj/Erth      0%         3d7       77%         3
 Dispel Undead            Necr           0%         3d6       99%         4
 Fulminant Prism          Conj/Hex       0%         3d5       99%         4
 Ozocubu's Refrigeration  Ice            2%         4d8       100%        7


Dungeon Overview and Level Annotations

Branches:
Dungeon (5/15)
 Temple: D:4-7

Altars:
Hepliaklqana


Innate Abilities, Weirdness & Mutations

You are a hulking beast.
Your limbs bulge with bestial killing power. (Slay +3)
You cannot wear most types of armour.
You are amphibious.
You can wear up to eight rings at the same time.
Your skin changes colour to match your surroundings (Stealth+).
Your rubbery body absorbs attacks. (AC +1, EV +1)
((You are camouflaged when in or above water. (Stealth+)))
You have tentacles for arms and can constrict up to eight enemies at once.


Message History

You feel very sick. The gnoll sergeant misses you.
You take 4 damage, and have 30/43 hp.
You feel sick.
The gnoll sergeant hits you from afar with a +5 spear of venom.
You are more poisoned.
You take 4 damage, and have 26/43 hp.
You feel very sick.
You take 5 damage, and have 21/43 hp.
You feel very sick.
You take 2 damage, and have 19/43 hp.
It was a potion of enlightenment.
You feel very buoyant.
You fly up into the air.
You feel very sick. The gnoll hits you with a +0 club.
You take 6 damage, and have 13/43 hp.
You feel sick.
You take 2 damage, and have 11/43 hp.
It was a potion of degeneration.
There was something very wrong with that liquid.
You feel weakened.
You feel dopey.
You feel clumsy.
You feel sick.
You take 2 damage, and have 9/43 hp.
Okay, then.
It was a potion of haste.
You feel yourself speed up.
You feel sick.
The gnoll sergeant hits you from afar with a +5 spear of venom.
* * * LOW HITPOINT WARNING * * *
You take 7 damage, and have 2/43 hp.
* * * LOW HITPOINT WARNING * * *
You feel sick.
You see here a +0 halberd.
You take 1 damage, and have 1/43 hp.
It was a potion of attraction.
You feel attractive to monsters. The gnoll sergeant barely misses you.
The gnoll sergeant is attracted toward you.
The gnoll is attracted toward you.
It was a potion of magic.
Magic courses through your body.
You die...

.......# #~...~
.......######.#~...~
..............#~...~
..[...........#~..)~
####$g......##...#
#§g.g.......###'##
#g#############.##
#g# #...... #h#
#.##### #.# #.# #.#
#.# #.# #.# #.# #.#
#.# #†# #.# #.#
#.##########.#
#............#


You could see a gnoll sergeant and 2 gnolls.

Vanquished Creatures
  The ghost of nj0rd12 the Ducker, an amateur DjVM (D:4)
  An ogre (D:4)
  3 scorpions
  A jelly (D:2)
  An orc priest (D:4)
  Terence (D:2)
  2 iguanas
  8 gnolls
  5 adders
  A worm (D:2)
  2 dart slugs
  6 orcs
  3 bats
  7 endoplasms
  3 giant cockroaches
  11 goblins
  8 hobgoblins
  4 quokkas
  5 ball pythons
  4 frilled lizards
  8 kobolds
  5 rats (D:1)
  A spectral kobold (D:5)
91 creatures vanquished.

Notes
Turn   | Place    | Note
-------+----------+-------------------------------------------
     0 | D:1      | Dirtsage the Octopode Shapeshifter began the quest for the
                  | Orb.
     0 | D:1      | Reached XP level 1. HP: 13/13 MP: 1/1
   203 | D:1      | Reached XP level 2. HP: 18/18 MP: 2/2
   593 | D:1      | Reached XP level 3. HP: 16/23 MP: 3/3
   960 | D:2      | Noticed Terence
   972 | D:2      | Killed Terence
   973 | D:2      | Reached skill level 4 in Shapeshifting
   973 | D:2      | Reached XP level 4. HP: 23/28 MP: 4/4
  1043 | D:2      | Found a faded altar of an unknown god.
  1344 | D:2      | Learned a level 3 spell: Ozocubu's Armour
  1480 | D:3      | Reached XP level 5. HP: 28/33 MP: 5/5
  2030 | D:3      | Reached skill level 1 in Ice Magic
  2686 | D:4      | Reached skill level 5 in Shapeshifting
  2686 | D:4      | Reached XP level 6. HP: 18/38 MP: 6/6
  2979 | D:4      | Found a transporter.
  2992 | D:4      | Reached XP level 7. HP: 43/43 MP: 7/7
  2995 | D:4      | Noticed nj0rd12's ghost (amateur DjVM)
  3093 | D:4      | Found a transporter.
  3303 | D:4      | Killed nj0rd12's ghost
  3304 | D:4      | Reached skill level 5 in Unarmed Combat
  3304 | D:4      | Reached skill level 6 in Shapeshifting
  3439 | D:5      | Entered Level 5 of the Dungeon
  3466 | D:5      | Found a hazy altar of Hepliaklqana.
  3621 | D:5      | HP: 2/43 [gnoll sergeant/+5 spear of venom (6)]
  3624 | D:5      | Succumbed to a gnoll sergeant's poison

Illustrated notes

Levels and vault maps discovered:
D:1:      pf_arrival_petrified_forest, layout_loops_corners,
          minmay_large_rounded_square
D:2:      layout_rooms, shapermc_ecumenical_altar_acropolis, hex_tiny,
          uniq_terence
D:3:      layout_basic, minmay_starry_boxes
D:4:      layout_rooms, gammafunk_ghost_arena
D:5:      layout_basic, nicolae_hepliaklqana_monster_ancestors

Skill      XL: |  1  2  3  4  5  6  7 |
---------------+----------------------+-----
Shapeshifting  | 4 5 6 |  6.4
Unarmed Combat | 4 5 |  5.3
Ice Magic      | 1 2 3 |  3.3
Fighting       | |  1.0
Dodging        | |  2.0

Action                     |  1- 3 |  4- 6 |  7- 9 || total
---------------------------+-------+-------+-------++-------
  Melee: Unarmed           |    61 |    73 |    48 ||   182
         Constrict         |    15 |    19 |     8 ||    42
         Tentacles         |    13 |    18 |     8 ||    39
         Punch             |     2 |     4 |     2 ||     8
  Throw: Javelin           |       |     1 |       ||     1
    Use: Scroll            |       |       |     7 ||     7
         Potion            |       |       |     6 ||     6
   Stab: Sleeping          |     8 |     3 |     3 ||    14
 Armour: Skin              |     4 |     2 |    12 ||    18
  Dodge: Dodged            |    28 |    46 |    20 ||    94

Table legend: (Time is in decaauts)
 A = Elapsed time spent in this place.
 B = Non-inter-level travel time spent in this place.
 C = Inter-level travel time spent in this place.
 D = Time resting spent in this place.
 E = Time spent auto-exploring this place.
 F = Levels seen in this place.
 G = Mean time per level.
                   A        B        C        D        E       F      G
               +--------+--------+--------+--------+--------+-----+--------+
         Total |   3608 |   3486 |    122 |    143 |   2758 |   5 |  721.6 |
       Dungeon |   3608 |   3486 |    122 |    143 |   2758 |   5 |  721.6 |
               +--------+--------+--------+--------+--------+-----+--------+

Top non-repeatable levels by time:
     D:3: 1222 daAuts
     D:1: 907 daAuts
     D:4: 847 daAuts
     D:2: 448 daAuts
     D:5: 182 daAuts
